 Dungeon Crawl Stone Soup version 0.30.0-10-gfe55d96785 (webtiles) character file.

Game seed: 8275319514090803839

20437 qw the Cleaver (level 12, 0/77 HPs)
             Began as a Gargoyle Cinder Acolyte on May 17, 2023.
             Was an Initiate of Ignis.
             Slain by Rupert
             ... wielding a +1 heavy great sword
              (49 damage)
             ... on level 4 of the Lair of Beasts.
             The game lasted 00:04:56 (9939 turns).

qw the Cleaver (Gargoyle Cinder Acolyte)            Turns: 9939, Time: 00:04:57

Health: 0/77       AC: 42    Str: 20    XL:     12   Next: 79%
Magic:  13/13      EV: 12    Int: 14    God:    Ignis [......]
Gold:   447        SH:  0    Dex: 13    Spells: 13/13 levels left

rFire   + . .        g - +1 war axe (vamp)
rCold   . . .        (no shield)
rNeg    + . .        t - +0 plate armour
rPois   inf          p - +2 helmet
rElec   +            n - +1 cloak
rCorr   .            j - +2 pair of gloves
SInv    .            q - +1 pair of boots {Fly}
Will    .....        o - amulet of regeneration Stlth
                     u - +5 ring of evasion
HPRegen 1.12/turn    (no ring)
MPRegen 0.13/turn

%: no passive effects
@: fiery-armoured, flying
A: sickness immunity, AC +8, negative energy resistance 1, electricity
resistance, torment resistance 1, petrification resistance, hooves 1, agile 2
a: Renounce Religion, Rising Flame


You were on level 4 of the Lair of Beasts.
You worshipped Ignis.
Ignis was noncommittal.
You visited 2 branches of the dungeon, and saw 12 of its levels.

You collected 719 gold pieces.
You spent 272 gold pieces at shops.


Innate Abilities, Weirdness & Mutations

You are immune to sickness and miasma.
Your stone body is resilient. (AC +8)
You are immune to poison.
You resist negative energy. (rN+)
You are resistant to electric shocks. (rElec)
You are resistant to unholy torment.
You are immune to petrification.
You have large cloven feet.
You are very agile. (Dex +8, Str/Int -2)


   Skills:
 + Level 10.1 Fighting
 - Level 14.0 Axes
 - Level 4.2 Throwing
 - Level 11.0 Armour
 - Level 2.7 Dodging
 - Level 1.0 Spellcasting
 - Level 3.0 Fire Magic


You had 13 spell levels left.
You didn't know any spells.
Your spell library contained the following spells:

 Spells                   Type           Power      Damage    Failure   Level
 Scorch                   Fire           18%        2d5       87%         2

Inventory:

Hand Weapons
 b - a -1 hand axe of flaming
 g - a +1 vampiric war axe (weapon)
Missiles
 l - 2 boomerangs (quivered)
Armour
 d - a +2 pair of boots
 j - a +2 pair of gloves (worn)
 n - a +1 cloak (worn)
 p - a +2 helmet (worn)
 q - a +1 pair of boots of flying (worn)
 t - a +0 plate armour (worn)
Jewellery
 o - an amulet of regeneration (around neck)
 u - a +5 ring of evasion (left hand)
Scrolls
 a - 3 scrolls of teleportation
 f - 6 scrolls of identify
 m - a scroll of vulnerability {unknown}
 r - a scroll of silence {unknown}
Potions
 e - 3 potions of might
 h - 4 potions of heal wounds
 i - 2 potions of resistance
 k - 6 potions of curing
 v - a potion of haste

Dungeon Overview and Level Annotations

Branches:
Dungeon (8/15)             Temple (0/1) D:6            Lair (4/5) D:8
 Shoals (0/4) Lair:3        Snake (0/4) Lair:2        Slime (0/5) Lair:4

Altars:
Cheibriados
Elyvilon
Hepliaklqana
Kikubaaqudgha
Makhleb
Nemelex Xobeh
Trog
Uskayaw
Wu Jian
Xom
Zin
Lugonu

Shops:
D:4 [   D:6 [

Portals:
Abyss: D:6
Volcano: Lair:4

Annotations:
D:4 1 runed translucent door, Crazy Yiuf
Lair:4 Rupert


Message History

The skyshark bites the plant.
The skyshark tail-slaps the plant. x2
You hit Rupert.
You feel better.
You punch Rupert, but do no damage.
Rupert is lightly wounded.
You slash the plant!
Rupert hits you with a +1 heavy great sword!
The skyshark bites the plant.
The skyshark tail-slaps the plant.
The skyshark tail-slaps the plant!
You barely miss Rupert.
Rupert is lightly wounded.
You hit the plant.
Rupert hits you with a +1 heavy great sword!
Rupert is burned by your cloak of flames.
Rupert is lightly wounded.
The skyshark bites the plant!
The plant begins to die.
The skyshark tail-slaps the plant. x2
You hit Rupert but do no damage.
Rupert is lightly wounded.
You slash the plant! Rupert closely misses you.
The skyshark bites the plant.
The skyshark tail-slaps the plant.
The skyshark tail-slaps the plant!
You hit Rupert.
You feel better.
Rupert is lightly wounded.
You slash the plant!
A nearby plant withers and dies.
You slice Rupert!!
You feel better.
Rupert is moderately wounded.
Rupert completely misses you.
You slash Rupert!
Rupert is moderately wounded.
You hit the skyshark.
The skyshark bites you but does no damage.
The skyshark is burned by your cloak of flames.
The skyshark is lightly wounded.
The skyshark barely misses you.
The skyshark tail-slaps you but does no damage.
The skyshark is burned by your cloak of flames.
The skyshark is lightly wounded.
Rupert hits you with a +1 heavy great sword!!!
Ouch! That really hurt!
You die...

#.......>)..
#.......
###..........
#.......
#..........+........
#..........####.....
#.......... #.....
#.......>. #......
#.##...#+# ##.....
##%......# #.....
#P@@...### ##...#
#..l.......# ##.#
#..P........ #.
..........(.P #
#.............#
...............
)..P...........
..##......[...#


You could see Rupert (berserk) and a skyshark.

Vanquished Creatures
  4 death yaks (Lair:3)
  Amaemon (Lair:2)
  4 elephants (Lair:3)
  3 black mambas
  An orange demon (Lair:2)
  4 cane toads
  4 komodo dragons
  5 rime drakes
  A polar bear (Lair:4)
  11 blink frogs
  Grinder (D:6)
  6 dream sheep (Lair:4)
  2 wyverns
  20 yaks
  2 basilisks
  A steam dragon (D:7)
  4 nagas (Lair:2)
  Duvessa (D:4)
  7 water moccasins
  2 orc warriors
  9 wolves (Lair:2)
  2 ogres
  2 phantoms (D:7)
  8 bullfrogs
  A kobold brigand (D:4)
  2 scorpions
  4 wights (D:7)
  Dowan (D:4)
  2 electric eels (Lair:2)
  A howler monkey (D:8)
  7 hounds
  4 jellies
  2 orc priests
  A sleepcap (D:6)
  3 orc wizards
  5 hell rats (Lair:1)
  5 iguanas
  8 gnolls
  8 adders
  A white imp (D:8)
  2 worms
  A dart slug (D:1)
  20 orcs
  6 ball pythons
  5 bats
  4 endoplasms
  A giant cockroach (D:4)
  8 goblins
  7 hobgoblins
  4 jackals
  3 quokkas
  2 frilled lizards
  5 kobolds
  2 rats (D:1)
  A lurking horror (D:6)
231 creatures vanquished.

Notes
Turn   | Place    | Note
-------+----------+-------------------------------------------
     0 | D:1      | qw the Gargoyle Cinder Acolyte began the quest for the Orb.
     0 | D:1      | Reached XP level 1. HP: 14/14 MP: 2/2
     0 | D:1      | 0 ||| qw: Version: 0.2-a-95-g4c1bab1
     0 | D:1      | 0 ||| qw: Game counter: 132
     0 | D:1      | 0 ||| qw: Always use a shield: true
     0 | D:1      | 0 ||| qw: God list: Okawaru
     0 | D:1      | 0 ||| qw: Allow faded altars: false
     0 | D:1      | 0 ||| qw: Do Orc after D:15 true
     0 | D:1      | 0 ||| qw: Do second Lair branch before Depths: true
     0 | D:1      | 0 ||| qw: Lair rune preference: random
     0 | D:1      | 0 ||| qw: Plans: Normal
     0 | D:1      | 0 ||| PLANNING D:1-11
   152 | D:1      | Reached skill level 3 in Axes
   231 | D:1      | Reached XP level 2. HP: 19/19 MP: 3/3
   422 | D:1      | 422 ||| Stepping ~*~*~tactically~*~*~ (hiding).
   427 | D:1      | 427 ||| Stepping ~*~*~tactically~*~*~ (hiding).
   878 | D:1      | 878 ||| UPGRADING to +0 ring mail.
   888 | D:1      | 888 ||| DROPPING +0 robe.
   889 | D:1      | 889 ||| READING scroll labelled QUNLOEJ UPEEFO.
   890 | D:1      | 890 ||| READING scroll labelled PEVEFY HU VIRU.
   891 | D:1      | 891 ||| READING 2 scrolls labelled ICIEHU JEUBU.
   892 | D:1      | 892 ||| READING scroll labelled PASAYDDETEG.
   905 | D:1      | 905 ||| READING scroll labelled QIEWUA OCKOGA.
   906 | D:1      | 906 ||| DRINKING 2 amethyst potions.
   907 | D:1      | 907 ||| DRINKING 2 ruby potions.
   958 | D:2      | 958 ||| STAIRDANCE
  1019 | D:2      | Identified the +1 robe of the Teacher {rElec rF+ Dex+4
                  | Archmagi}
  1076 | D:2      | Reached XP level 3. HP: 21/23 MP: 4/4
  1097 | D:2      | 1097 ||| Stepping ~*~*~tactically~*~*~ (stealth).
  1190 | D:2      | Reached skill level 4 in Axes
  1572 | D:2      | 1572 ||| Stepping ~*~*~tactically~*~*~ (stealth).
  1647 | D:2      | 1647 ||| Stepping ~*~*~tactically~*~*~ (hiding).
  1663 | D:2      | 1663 ||| INVOKING Fiery Armour.
  1665 | D:2      | Reached skill level 1 in Armour
  2042 | D:2      | 2042 ||| UPGRADING to +0 pair of boots.
  2047 | D:2      | 2047 ||| READING scroll labelled YRIACYATIMA.
  2048 | D:2      | 2048 ||| READING 2 scrolls of identify.
  2048 | D:2      | 2048 ||| IDENTIFYING murky dark potion
  2049 | D:2      | 2049 ||| DROPPING potion of degeneration.
  2196 | D:3      | Reached XP level 4. HP: 27/28 MP: 5/5
  2331 | D:3      | 2331 ||| Stepping ~*~*~tactically~*~*~ (stealth).
  2579 | D:3      | 2579 ||| Stepping ~*~*~tactically~*~*~ (stealth).
  2647 | D:3      | 2647 ||| Stepping ~*~*~tactically~*~*~ (stealth).
  2687 | D:3      | 2687 ||| UPGRADING to +2 pair of boots.
  2697 | D:3      | 2697 ||| DROPPING +0 pair of boots.
  2698 | D:3      | 2698 ||| UPGRADING to +0 scale mail.
  2708 | D:3      | 2708 ||| DROPPING +0 ring mail.
  2709 | D:3      | 2709 ||| READING scroll labelled UNOFFU FUZA.
  2710 | D:3      | 2710 ||| READING 2 scrolls labelled NUIGID LUHEOH.
  2711 | D:3      | 2711 ||| READING scroll labelled WILEPE TATS.
  2715 | D:3      | 2715 ||| READING 3 scrolls of identify.
  2715 | D:3      | 2715 ||| IDENTIFYING fizzy orange potion
  2716 | D:3      | 2716 ||| READING 2 scrolls of identify.
  2716 | D:3      | 2716 ||| IDENTIFYING fuming blue potion
  2717 | D:3      | 2717 ||| DROPPING potion of invisibility.
  2718 | D:3      | 2718 ||| DROPPING scroll of magic mapping.
  2835 | D:4      | Found a hazy altar of Hepliaklqana.
  2874 | D:4      | 2874 ||| SWAPPING to +2 hand axe of venom.
  2885 | D:4      | Found a runed translucent door.
  2886 | D:4      | Noticed Crazy Yiuf
  2923 | D:4      | Found Doas's Antique Armour Shoppe.
  2937 | D:4      | Reached skill level 5 in Axes
  2937 | D:4      | Reached XP level 5. HP: 21/32 MP: 6/6
  2987 | D:4      | 2987 ||| SHOPLISTING runed scale mail (210 gold, have 133).
  2987 | D:4      | 2987 ||| SHOPLISTING shiny fire dragon scales (1890 gold,
                  | have 133).
  2987 | D:4      | 2987 ||| SHOPLISTING steaming plate armour (840 gold, have
                  | 133).
  3017 | D:4      | Noticed a kobold brigand
  3027 | D:4      | Killed a kobold brigand
  3040 | D:4      | 3040 ||| Stepping ~*~*~tactically~*~*~ (stealth).
  3046 | D:4      | 3046 ||| Stepping ~*~*~tactically~*~*~ (stealth).
  3055 | D:4      | Reached XP level 6. HP: 33/38 MP: 7/7
  3061 | D:4      | 3061 ||| Stepping ~*~*~tactically~*~*~ (stealth).
  3062 | D:4      | 3062 ||| Stepping ~*~*~tactically~*~*~ (stealth).
  3078 | D:4      | 3078 ||| Stepping ~*~*~tactically~*~*~ (stealth).
  3129 | D:4      | Noticed Duvessa
  3139 | D:4      | Noticed Dowan
  3140 | D:4      | 3140 ||| INVOKING Fiery Armour.
  3142 | D:4      | Killed Duvessa
  3143 | D:4      | Reached skill level 6 in Axes
  3145 | D:4      | Killed Dowan
  3309 | D:4      | Reached XP level 7. HP: 43/43 MP: 8/8
  3327 | D:4      | Found a snail-covered altar of Cheibriados.
  3327 | D:4      | Found a bloodstained altar of Trog.
  3327 | D:4      | Found a sparkling altar of Nemelex Xobeh.
  3328 | D:4      | Found an ancient bone altar of Kikubaaqudgha.
  3447 | D:4      | 3447 ||| DROPPING +1 robe of the Teacher {rElec rF+ Dex+4
                  | Archmagi}.
  3448 | D:4      | 3448 ||| UPGRADING to +0 chain mail.
  3458 | D:4      | 3458 ||| DROPPING +0 scale mail.
  3459 | D:4      | 3459 ||| DRINKING 2 murky clear potions.
  3460 | D:4      | 3460 ||| READING 2 scrolls of identify.
  3460 | D:4      | 3460 ||| IDENTIFYING inky potion
  3461 | D:4      | 3461 ||| DROPPING potion of magic.
  3462 | D:4      | 3462 ||| DROPPING potion of brilliance.
  3509 | D:5      | Entered Level 5 of the Dungeon
  3554 | D:5      | Reached skill level 1 in Throwing
  3582 | D:5      | 3582 ||| Stepping ~*~*~tactically~*~*~ (stealth).
  3592 | D:5      | 3592 ||| DRINKING 3 potions of curing.
  3592 | D:5      | 3592 ||| (to cure confusion)
  3597 | D:5      | Reached skill level 3 in Armour
  3707 | D:5      | Reached skill level 7 in Axes
  3790 | D:5      | 3790 ||| INVOKING Fiery Armour.
  3977 | D:5      | Found a white marble altar of Elyvilon.
  4218 | D:5      | 4218 ||| UPGRADING to +2 pair of gloves.
  4262 | D:6      | HP: 4/44 [ogre/+0 giant club (27)]
  4263 | D:6      | 4263 ||| READING 4 scrolls of teleportation.
  4264 | D:6      | 4264 ||| DRINKING potion of heal wounds.
  4267 | D:6      | Reached XP level 8. HP: 30/49 MP: 9/9
  4348 | D:6      | Found a one-way gate to the infinite horrors of the Abyss.
  4352 | D:6      | Found a corrupted altar of Lugonu.
  4492 | D:6      | Found a staircase to the Ecumenical Temple.
  4571 | D:6      | Noticed Grinder
  4596 | D:6      | 4596 ||| INVOKING Fiery Armour.
  4598 | D:6      | Paralysed by Grinder for 3 turns
  4601 | D:6      | Killed Grinder
  4602 | D:6      | Reached skill level 8 in Axes
  4798 | D:6      | Noticed an angel
  4803 | D:6      | Found a shimmering altar of Xom.
  4804 | D:6      | Found a glowing silver altar of Zin.
  4907 | D:6      | Found Vakh's Armour Boutique.
  4920 | D:6      | 4920 ||| BUYING +0 helmet (58 gold).
  4920 | D:6      | Bought a +0 helmet for 58 gold pieces
  4920 | D:6      | 4920 ||| SHOPLISTING +1 kite shield "Areset" {rPois Int+2}
                  | (323 gold, have 233).
  4920 | D:6      | 4920 ||| SHOPLISTING +1 leather armour "Ficreu" {rC+ rCorr
                  | Str+3 SInv} (482 gold, have 233).
  4920 | D:6      | 4920 ||| BUYING +1 pair of boots of flying (214 gold).
  4920 | D:6      | Bought a +1 pair of boots of flying for 214 gold pieces
  5073 | D:6      | Found an ornate altar of the Wu Jian Council.
  5218 | D:6      | Found a hide-covered altar of Uskayaw.
  5218 | D:6      | Noticed a +0 dagger
  5218 | D:6      | Noticed a +0 falchion
  5218 | D:6      | Noticed a +0 short sword
  5218 | D:6      | Noticed a +0 spear
  5219 | D:6      | Noticed a +0 spear
  5220 | D:6      | Noticed a +0 falchion
  5220 | D:6      | Noticed a +0 dagger
  5221 | D:6      | Noticed a +0 short sword
  5295 | D:6      | 5295 ||| UPGRADING to +1 cloak.
  5300 | D:6      | 5300 ||| UPGRADING to +0 helmet.
  5305 | D:6      | 5305 ||| UPGRADING to +1 pair of boots of flying.
  5315 | D:6      | 5315 ||| READING scroll of enchant armour.
  5315 | D:6      | 5315 ||| ENCHANTING +0 helmet.
  5393 | D:6      | 5393 ||| SWAPPING to +0 war axe.
  5394 | D:6      | 5394 ||| DROPPING +2 hand axe of venom.
  5395 | D:6      | 5395 ||| UPGRADING to amulet of regeneration.
  5400 | D:6      | 5400 ||| READING 2 scrolls of identify.
  5400 | D:6      | 5400 ||| IDENTIFYING yellow potion
  5401 | D:6      | 5401 ||| DROPPING potion of lignification.
  5447 | D:7      | 5447 ||| Stepping ~*~*~tactically~*~*~ (stealth).
  5450 | D:7      | 5450 ||| Stepping ~*~*~tactically~*~*~ (hiding).
  5485 | D:7      | 5485 ||| STAIRDANCE
  5487 | D:6      | 5487 ||| DRINKING 5 potions of curing.
  5487 | D:6      | 5487 ||| (to cure confusion)
  5493 | D:6      | Reached skill level 6 in Fighting
  5546 | D:7      | Reached XP level 9. HP: 39/55 MP: 10/10
  5563 | D:7      | 5563 ||| SWAPPING to +4 war axe.
  5564 | D:7      | 5564 ||| DROPPING +0 war axe.
  5907 | D:7      | Reached skill level 9 in Axes
  5933 | D:7      | 5933 ||| Stepping ~*~*~tactically~*~*~ (stealth).
  5936 | D:7      | 5936 ||| Stepping ~*~*~tactically~*~*~ (stealth).
  5938 | D:7      | 5938 ||| Stepping ~*~*~tactically~*~*~ (hiding).
  5939 | D:7      | 5939 ||| Stepping ~*~*~tactically~*~*~ (hiding).
  5940 | D:7      | 5940 ||| Stepping ~*~*~tactically~*~*~ (hiding).
  5941 | D:7      | 5941 ||| Stepping ~*~*~tactically~*~*~ (hiding).
  5942 | D:7      | 5942 ||| Stepping ~*~*~tactically~*~*~ (hiding).
  5944 | D:7      | 5944 ||| INVOKING Fiery Armour.
  6427 | D:7      | 6427 ||| DROPPING ring of flight.
  6460 | D:8      | Found a staircase to the Lair.
  6548 | D:8      | 6548 ||| Stepping ~*~*~tactically~*~*~ (stealth).
  6551 | D:8      | 6551 ||| Stepping ~*~*~tactically~*~*~ (stealth).
  6554 | D:8      | 6554 ||| Stepping ~*~*~tactically~*~*~ (hiding).
  6611 | D:8      | 6611 ||| SWAPPING to +1 vampiric war axe.
  6612 | D:8      | 6612 ||| DROPPING +4 war axe.
  6675 | D:8      | Found a burning altar of Makhleb.
  6675 | D:8      | Noticed a balrug
  6678 | D:8      | Noticed a hellwing
  6892 | D:8      | Reached skill level 6 in Armour
  6929 | D:8      | 6929 ||| PLANNING LAIR
  6929 | D:8      | 6929 ||| UPGRADING to +0 plate armour.
  6939 | D:8      | 6939 ||| DROPPING +0 chain mail.
  6940 | D:8      | 6940 ||| DROPPING amulet of guardian spirit.
  6941 | D:8      | 6941 ||| UPGRADING to +5 ring of evasion.
  6942 | D:8      | 6942 ||| DRINKING 2 fuming coppery potions.
  6943 | D:8      | 6943 ||| DRINKING 4 potions of curing.
  6943 | D:8      | 6943 ||| (to cure confusion)
  6944 | D:8      | 6944 ||| READING 2 scrolls of identify.
  6944 | D:8      | 6944 ||| IDENTIFYING murky black potion
  6945 | D:8      | 6945 ||| DROPPING potion of berserk rage.
  6946 | D:8      | 6946 ||| DROPPING potion of ambrosia.
  6982 | Lair:1   | Entered Level 1 of the Lair of Beasts
  7091 | Lair:1   | Noticed a rime drake
  7098 | Lair:1   | Killed a rime drake
  7209 | Lair:1   | Reached XP level 10. HP: 63/63 MP: 11/11
  7217 | Lair:1   | 7217 ||| INVOKING Fiery Armour.
  7223 | Lair:1   | Reached skill level 10 in Axes
  7433 | Lair:1   | Noticed a black mamba
  7447 | Lair:1   | 7447 ||| INVOKING Fiery Armour.
  7448 | Lair:1   | Killed a black mamba
  7449 | Lair:1   | Reached skill level 3 in Throwing
  7899 | Lair:1   | 7899 ||| DRINKING 2 viscous dark potions.
  7899 | Lair:1   | Gained mutation: You have sharp fingernails. [potion of
                  | mutation]
  7899 | Lair:1   | Gained mutation: You are frail. (-10% HP) [potion of
                  | mutation]
  7900 | Lair:1   | 7900 ||| DRINKING potion of mutation.
  7900 | Lair:1   | Lost mutation: You are frail. (-10% HP) [potion of
                  | mutation]
  7900 | Lair:1   | Lost mutation: You have sharp fingernails. [potion of
                  | mutation]
  7900 | Lair:1   | Gained mutation: You are agile. (Dex +4, Str/Int -1)
                  | [potion of mutation]
  7900 | Lair:1   | Gained mutation: You have hidden genetic potential. [potion
                  | of mutation]
  7907 | Lair:1   | 7907 ||| READING 2 scrolls of identify.
  7907 | Lair:1   | 7907 ||| IDENTIFYING coppery potion
  7923 | Lair:2   | Noticed a cane toad
  7934 | Lair:2   | 7934 ||| STAIRDANCE
  7943 | Lair:1   | Killed a cane toad
  7944 | Lair:1   | Reached skill level 1 in Dodging
  7967 | Lair:2   | 7967 ||| INVOKING Fiery Armour.
  8030 | Lair:2   | Found a frozen archway.
  8040 | Lair:2   | Reached skill level 11 in Axes
  8040 | Lair:2   | Noticed Amaemon
  8041 | Lair:2   | Noticed an orange demon
  8044 | Lair:2   | Noticed a cane toad
  8052 | Lair:2   | Noticed a cane toad
  8052 | Lair:2   | Noticed a cane toad
  8056 | Lair:2   | Killed a cane toad
  8059 | Lair:2   | 8059 ||| INVOKING Fiery Armour.
  8061 | Lair:2   | Killed Amaemon
  8062 | Lair:2   | Reached skill level 9 in Armour
  8062 | Lair:2   | Reached XP level 11. HP: 48/68 MP: 12/12
  8070 | Lair:2   | Reached skill level 9 in Fighting
  8091 | Lair:2   | Reached skill level 12 in Axes
  8095 | Lair:2   | Gained mutation: You have large cloven feet. [hidden
                  | potential]
  8225 | Lair:2   | 8225 ||| DROPPING +4 broad axe.
  8233 | Lair:2   | Found a staircase to the Snake Pit.
  8248 | Lair:2   | 8248 ||| Stepping ~*~*~tactically~*~*~ (stealth).
  8249 | Lair:2   | 8249 ||| Stepping ~*~*~tactically~*~*~ (stealth).
  8271 | Lair:2   | Reached XP level 12. HP: 64/77 MP: 13/13
  8288 | Lair:2   | 8288 ||| Stepping ~*~*~tactically~*~*~ (stealth).
  8289 | Lair:2   | 8289 ||| Stepping ~*~*~tactically~*~*~ (stealth).
  8895 | Lair:2   | 8895 ||| READING 2 scrolls labelled ROSHRO LEACIOGO.
  8896 | Lair:2   | 8896 ||| READING 4 scrolls of identify.
  8896 | Lair:2   | 8896 ||| IDENTIFYING blue potion
  8897 | Lair:2   | 8897 ||| DROPPING potion of flight.
  8898 | Lair:2   | 8898 ||| DROPPING scroll of blinking.
  8963 | Lair:3   | Noticed a death yak
  8963 | Lair:3   | Noticed a death yak
  8964 | Lair:3   | 8964 ||| Stepping ~*~*~tactically~*~*~ (stealth).
  8966 | Lair:3   | Noticed a death yak
  8966 | Lair:3   | 8966 ||| INVOKING Fiery Armour.
  8967 | Lair:3   | Noticed a death yak
  8980 | Lair:3   | Killed a death yak
  8981 | Lair:3   | Reached skill level 13 in Axes
  8987 | Lair:3   | Killed a death yak
  8994 | Lair:3   | Killed a death yak
  9002 | Lair:3   | Killed a death yak
  9039 | Lair:3   | 9039 ||| Stepping ~*~*~tactically~*~*~ (stealth).
  9085 | Lair:3   | Gained mutation: You are very agile. (Dex +8, Str/Int -2)
                  | [hidden potential]
  9085 | Lair:3   | Lost mutation: You have hidden genetic potential. [hidden
                  | potential expressed]
  9121 | Lair:3   | 9121 ||| Stepping ~*~*~tactically~*~*~ (stealth).
  9122 | Lair:3   | 9122 ||| Stepping ~*~*~tactically~*~*~ (stealth).
  9124 | Lair:3   | 9124 ||| INVOKING Fiery Armour.
  9138 | Lair:3   | Reached skill level 14 in Axes
  9401 | Lair:3   | Found a staircase to the Shoals.
  9659 | Lair:3   | 9659 ||| READING 7 scrolls of identify.
  9659 | Lair:3   | 9659 ||| IDENTIFYING grey potion
  9670 | Lair:4   | Found a dark tunnel.
  9711 | Lair:4   | 9711 ||| READING scroll of enchant armour.
  9711 | Lair:4   | 9711 ||| ENCHANTING +1 helmet.
  9781 | Lair:4   | 9781 ||| INVOKING Fiery Armour.
  9836 | Lair:4   | 9836 ||| Stepping ~*~*~tactically~*~*~ (stealth).
  9854 | Lair:4   | Found a staircase to the Slime Pits.
  9925 | Lair:4   | Noticed Rupert
  9926 | Lair:4   | 9926 ||| INVOKING Fiery Armour.
  9927 | Lair:4   | Noticed a skyshark
  9939 | Lair:4   | Slain by Rupert

Levels and vault maps discovered:
D:1:      kilobyte_arrival_exit_the_forest, layout_basic
D:2:      layout_loops_ring, minmay_statues_item, minivault_23
D:3:      cheibrodos_old_hovel, layout_basic
D:4:      layout_basic, chequers_temple_overflow_statue_of_worship,
          nzn_hepliaklqana_mist_gate, serial_shops, nicolae_shop_stone,
          st_stairs_7, uniq_crazy_yiuf_cottage, uniq_duvessa
D:5:      layout_rooms, elyvilon_altar_4
D:6:      layout_loops_ring, grunt_temple_overflow_order_and_chaos_1,
          nicolae_wu_jian_glorious_leap, nicolae_uskayaw_en_pointe,
          temple_pool_b, serial_shops, nicolae_shop_waterfront,
          serial_park_tiny_2, amcnicky_altar_lugonu_corruption, uniq_grinder
D:7:      layout_basic
D:8:      layout_rooms, makhleb_altar_promises_db, lair_entry_dummy
Lair:1:   layout_loops_ring
Lair:2:   layout_gridlike, minmay_snake_entry_guardpost_small,
          portal_ice_cave_rime, st_stairs_12, serial_bayou_lake_a,
          grunt_megastairs_4, uniq_amaemon
Lair:3:   layout_roguey, shoals_dummy_entry, serial_bayou_pond_c
Lair:4:   layout_roguey, slime_entry_1, enter_volcano_1,
          ebering_ghost_funeral_grove, uniq_rupert

Skill      XL: |  1  2  3  4  5  6  7  8  9 10 11 12 |
---------------+-------------------------------------+-----
Axes           | 3 4 5 6 7 8 9 11 12 14 | 14.0
Armour         | 1 2 3 5 7 9 10 11 | 11.0
Fighting       | 4 5 6 7 8 10 | 10.1
Throwing       | 1 2 3 4 |  4.2
Dodging        | 1 2 |  2.7
Spellcasting   | |  1.0
Fire Magic     | |  3.0

Action                     |  1- 3 |  4- 6 |  7- 9 | 10-12 || total
---------------------------+-------+-------+-------+-------++-------
  Melee: Hand axe          |   118 |   123 |   124 |       ||   365
         Punch             |       |     2 |     4 |     7 ||    13
         War axe           |       |       |   171 |   378 ||   549
  Throw: Javelin           |       |       |    58 |    25 ||    83
         Boomerang         |       |       |     9 |    20 ||    29
 Invoke: Fiery Armour      |     1 |     1 |     3 |     8 ||    13
    Use: Scroll            |     7 |     5 |     5 |     5 ||    22
         Potion            |     2 |       |     6 |     2 ||    10
 Armour: Robe              |     6 |       |       |       ||     6
         Ring mail         |    48 |    28 |       |       ||    76
         Scale mail        |       |    37 |     3 |       ||    40
         Chain mail        |       |       |   147 |       ||   147
         Plate armour      |       |       |    35 |   431 ||   466
  Dodge: Dodged            |    46 |    50 |   126 |   320 ||   542

Table legend:
 A = Non-vault XP
 B = Vault XP
 C = Vault XP percentage of total XP
 D = Non-vault monster count
 E = Vault monster count
 F = Vault count percentage of total count
                 A         B        C        D         E       F
            +---------+---------+-------+---------+---------+-------
      Total |   23131 |    6066 |  20.8 |     203 |      27 |  11.7
            +---------+---------+-------+---------+---------+-------
        D:1 |      18 |       0 |   0.0 |      10 |       0 |   0.0
        D:2 |      55 |       0 |   0.0 |      17 |       0 |   0.0
        D:3 |      60 |       2 |   3.2 |      18 |       1 |   5.3
        D:4 |     257 |     339 |  56.9 |      17 |       4 |  19.0
        D:5 |     445 |       0 |   0.0 |      17 |       0 |   0.0
        D:6 |     597 |     267 |  30.9 |      11 |       1 |   8.3
        D:7 |    1142 |       0 |   0.0 |      22 |       0 |   0.0
        D:8 |     453 |       0 |   0.0 |      12 |       0 |   0.0
     Lair:1 |    3923 |       0 |   0.0 |      22 |       0 |   0.0
     Lair:2 |    5897 |    5458 |  48.1 |      29 |      21 |  42.0
     Lair:3 |    6464 |       0 |   0.0 |      14 |       0 |   0.0
     Lair:4 |    3820 |       0 |   0.0 |      14 |       0 |   0.0
            +---------+---------+-------+---------+---------+-------
